 Dungeon Sprint DCSS version 0.28.0-45-g0d030f2227 (webtiles) character file.

Game seed: 454733588647673350

1780 McKennaii the Spear-Bearer (level 8, -1/79 HPs)
             Began as a Demigod Fighter on Apr 18, 2022.
             Slain by a fire elemental (13 damage)
             ... summoned by a deep elf pyromancer
             ... in the Dungeon (Sprint IX: "|||||||||||||||||||||||||||||").
             The game lasted 00:02:20 (687 turns).

McKennaii the Spear-Bearer (Demigod Fighter)         Turns: 687, Time: 00:02:20

Health: -1/79      AC: 17    Str: 25    XL:     8   Next: 51%
Magic:  10/10      EV:  8    Int: 10    God:
Gold:   0          SH:  0    Dex: 16    Spells: 7/7 levels left

rFire   . . .      SeeInvis .   a - +0 trident
rCold   . . .      Faith    .   (no shield)
rNeg    . . .      Spirit   .   q - +1 chain mail
rPois   .          Reflect  .   p - +0 helmet
rElec   .          Harm     .   (no cloak)
rCorr   .          Rampage  .   o - +0 pair of gloves
Will    .....      NoTele   +   (no boots)
Stlth   ..........              (no amulet)
HPRegen 0.23/turn               r - +2 ring of protection
MPRegen 0.12/turn               s - +3 ring of dexterity

@: no status effects
A: high MP 1, forlorn, divine attributes
a: no special abilities


You were in the Dungeon.
You visited 1 branch

Inventory:

Hand Weapons
 a - a +0 trident (weapon)
 n - a +2 halberd of venom
Armour
 c - a +0 buckler
 o - a +0 pair of gloves (worn)
 p - a +0 helmet (worn)
 q - a +1 chain mail (worn)
Jewellery
 r - a +2 ring of protection (left hand)
 s - a +3 ring of dexterity (right hand)
Wands
 m - a wand of iceblast (10)
Scrolls
 j - 2 scrolls of blinking
 l - 2 scrolls of amnesia
Potions
 e - 3 potions of curing
 g - a potion of haste
 h - 4 potions of magic
 i - a potion of berserk rage


   Skills:
 + Level 9.7 Fighting
 * Level 12.9 Polearms
 + Level 9.7 Armour
 - Level 2.6 Shields


You had 7 spell levels left.
You didn't know any spells.
Your spell library was empty.

Dungeon Overview and Level Annotations

Branches:
Dungeon (1/1)


Innate Abilities, Weirdness & Mutations

You have an increased reservoir of magic. (+10% MP)
You shall have no god before yourself.
Your divine heritage dramatically boosts your attributes as you level up.


Message History

You hit the fire elemental but do no damage.
The fire elemental is lightly damaged.
You carefully extract the barbed spikes from your body.
The fire elemental hits you. The fire elemental burns you!
The slime creature is engulfed in blazing flames.
Unknown command.
Reach: n) +2 halberd (venom)
Press: ? - help, Dir - move target, f/p - slime creature
Aim: a slime creature (flame, moderately wounded, about 15% to evade your +2 halberd of venom)
You reach to attack!
You impale the slime creature!!
The slime creature is severely wounded.
The fire elemental hits you. The fire elemental burns you!
* * * LOW HITPOINT WARNING * * *
The fire elemental hits you. The fire elemental burns you!
* * * LOW HITPOINT WARNING * * *
The slime creature is engulfed in blazing flames.
Unknown command.
You feel much better. The fire elemental hits you.
The fire elemental burns you!
The slime creature is engulfed in blazing flames.
The slime creature dies!
Reach: n) +2 halberd (venom)
Press: ? - help, Dir - move target
Okay, then.
You puncture the fire elemental!
The fire elemental is heavily damaged.
The fire elemental hits you. The fire elemental burns you!
* * * LOW HITPOINT WARNING * * *
Unknown command.
Unknown command.
You hit the fire elemental.
The fire elemental is heavily damaged.
The fire elemental hits you. The fire elemental burns you!
* * * LOW HITPOINT WARNING * * *
Unknown command.
Okay, then.
Your +2 halberd of venom stops dripping with poison.
a - a +0 trident (weapon)
The fire elemental hits you. The fire elemental burns you!
You die...

▓.▓
▓[▓
▓÷▓
▓.▓
▓.▓
▓.▓
▓.▓
▓.▓
▓@▓
▓E▓
▓D▓
▓9▓
▓e▓
▓.▓
▓.▓
▓.▓


You could see a seven-headed hydra, a deep elf pyromancer, a fire elemental
(summoned) and a gargoyle.

Vanquished Creatures
  A manticore (D)
  A cyclops (D)
  A shadow (D)
  A wraith (D)
  2 wyverns (D)
  A vampire mosquito (D)
  A necrophage (D)
  A black bear (D)
  A kobold brigand (D)
  An iguana (D)
  A ball python (D)
  A bat zombie (D)
  2 giant cockroaches (D)
  A kobold (D)
  2 quokkas (D)
18 creatures vanquished.

Vanquished Creatures (others)
  A slime creature (D)
1 creature vanquished.

Grand Total: 19 creatures vanquished

Notes
Turn   | Place    | Note
-------+----------+-------------------------------------------
     0 | D        | McKennaii the Demigod Fighter began the quest for the Orb.
     0 | D        | Reached XP level 1. HP: 18/18 MP: 3/3
     7 | D        | Reached skill level 2 in Polearms
   149 | D        | Noticed an iguana
   149 | D        | Noticed a necrophage
   149 | D        | Noticed a black bear
   158 | D        | Killed an iguana
   159 | D        | Reached skill level 4 in Polearms
   159 | D        | Reached XP level 2. HP: 9/27 MP: 4/4
   159 | D        | Reached XP level 3. HP: 11/33 MP: 5/5
   170 | D        | Killed a necrophage
   171 | D        | Reached skill level 5 in Fighting
   171 | D        | Reached skill level 6 in Polearms
   171 | D        | Reached skill level 5 in Armour
   171 | D        | Reached XP level 4. HP: 28/42 MP: 6/6
   176 | D        | Killed a black bear
   177 | D        | Reached skill level 7 in Polearms
   177 | D        | Reached XP level 5. HP: 24/50 MP: 7/7
   340 | D        | Noticed a wraith
   340 | D        | Noticed a wyvern
   340 | D        | Noticed a vampire mosquito
   340 | D        | Noticed a shadow
   340 | D        | Noticed a wyvern
   350 | D        | Killed a wraith
   351 | D        | Reached skill level 9 in Polearms
   351 | D        | Reached XP level 6. HP: 37/58 MP: 8/8
   355 | D        | Killed a wyvern
   361 | D        | Killed a vampire mosquito
   362 | D        | Reached skill level 10 in Polearms
   362 | D        | Reached XP level 7. HP: 22/67 MP: 9/9
   364 | D        | Killed a shadow
   365 | D        | Reached skill level 11 in Polearms
   373 | D        | Killed a wyvern
   669 | D        | Noticed a cyclops
   669 | D        | Noticed a manticore
   669 | D        | Noticed a slime creature
   669 | D        | Noticed a deep elf pyromancer
   669 | D        | Noticed a gargoyle
   669 | D        | Noticed a seven-headed hydra
   673 | D        | Killed a cyclops
   674 | D        | Reached skill level 12 in Polearms
   674 | D        | Reached XP level 8. HP: 41/78 MP: 10/10
   680 | D        | Killed a manticore
   684 | D        | Killed a slime creature
   687 | D        | Slain by a fire elemental

Illustrated notes

Levels and vault maps discovered:
D:        linesprint [early_d, line_temple, items_1, d_10, items_2, lair_1,
          lair_end, items_3, orc_1, orc_end, items_4, d_15, swamp_1, shoals_1,
          snake_1, spider_1, d_20, vaults_1, items_5, swamp_end, shoals_end,
          snake_end, spider_end, vaults_end, d_27, items_6, zot_1, zot_end,
          crypt_end, forest_end, elf_end, slime_end, tomb_end, abyss_end,
          pan_hell_end]

Skill      XL: |  1  2  3  4  5  6  7 |
---------------+----------------------+-----
Polearms       | 4 6 7 9 10 12 | 12.9
Fighting       | 4 5 6 7 9 |  9.7
Armour         | 4 5 6 7 9 |  9.7
Shields        | |  2.6

Action                   |  1- 3 |  4- 6 |  7- 9 || total
-------------------------+-------+-------+-------++-------
Melee: Trident           |    38 |     8 |       ||    46
       Halberd           |       |    20 |    29 ||    49
  Use: Potion            |     1 |     1 |     5 ||     7
 Stab: Invisible         |       |       |     3 ||     3
Armor: Scale mail        |    11 |     8 |       ||    19
       Chain mail        |       |    16 |    14 ||    30
Dodge: Dodged            |    12 |    15 |     4 ||    31
Block: Buckler           |    10 |     1 |       ||    11
